 Dungeon Crawl Stone Soup version 0.31.0-12-g77e489cdc1 (webtiles) character file.

Game seed: 5399919659869215338

53 Arctor the Firebug (level 3, -1/19 HPs)
             Began as a Deep Elf Fire Elementalist on Feb 25, 2024.
             Slain by an ufetubus (3 damage)
             ... on level 3 of the Dungeon.
             The game lasted 00:01:31 (2245 turns).

Arctor the Firebug (Deep Elf Fire Elementalist)     Turns: 2245, Time: 00:01:31

Health: -1/19      AC:  2    Str:  5    XL:     3   Next: 64%
Magic:  8/10       EV: 13    Int: 21    God:
Gold:   150        SH:  0    Dex: 15    Spells: 8/9 levels left

rFire   . . .        (no weapon)
rCold   . . .        (no shield)
rNeg    . . .        a - +0 robe
rPois   .            (no helmet)
rElec   .            (no cloak)
rCorr   .            (no gloves)
SInv    .            (no boots)
Will    .....        (no amulet)
Stlth   ++           (no ring)
HPRegen 0.23/turn    (no ring)
MPRegen 0.12/turn

%: no passive effects
@: no status effects
A: no striking features
a: no special abilities


You were on level 3 of the Dungeon.
You visited 1 branch of the dungeon, and saw 3 of its levels.

You collected 150 gold pieces.

Inventory:

Armour
 a - a +0 robe (worn)
Wands
 j - a wand of flame (4)
Scrolls
 c - a scroll of teleportation {unknown}
 d - 3 scrolls of identify {unknown}
 g - a scroll of fear {unknown}
 h - a scroll of enchant weapon {unknown}
 i - a scroll of immolation {unknown}
 k - a scroll of acquirement {unknown}
 l - a scroll of fog {unknown}
Potions
 b - a potion of magic
 e - a potion of attraction {unknown}
 f - a potion of berserk rage {unknown}
 m - a potion of degeneration {unknown}


   Skills:
 + Level 3.0 Dodging
 + Level 3.2 Stealth
 + Level 3.6 Spellcasting
 + Level 2.0 Conjurations
 + Level 3.7 Fire Magic


You had 8 spell levels left.
You knew the following spells:

 Your Spells              Type           Power      Damage    Failure   Level
a - Foxfire               Conj/Fire      60%        2x1d7     3%          1

Your spell library contained the following spells:

 Spells                   Type           Power      Damage    Failure   Level
 Scorch                   Fire           38%        2d6       4%          2
 Inner Flame              Hex/Fire       11%        N/A       17%         3
 Volatile Blastmotes      Fire/Tloc      22%        2d11      17%         3
 Cigotuvi's Dreadful Rot  Necr/Alch/Air  6%         N/A       19%         2
 Lesser Beckoning         Tloc           6%         N/A       19%         2
 Gell's Gravitas          Tloc           3%         N/A       36%         3
 Teleport Other           Tloc           3%         N/A       36%         3
 Flame Wave               Conj/Fire      15%        2d7       36%         4
 Dispel Undead            Necr           3%         3d7       77%         4
 Martyr's Knell           Necr/Summ      3%         N/A       77%         4
 Death Channel            Necr           1%         N/A       100%        6


Dungeon Overview and Level Annotations

Branches:
Dungeon (3/15)

Altars:


Message History

The foxfire hits the endoplasm but does no damage.
The foxfire hits the endoplasm.
The endoplasm is lightly wounded.
You conjure some foxfire!
The endoplasm freezes you.
You are frozen.
An endoplasm is nearby!
The foxfire hits the endoplasm.
You kill the endoplasm!
You conjure some foxfire!
Your foxfire dissipates!
Your foxfire dissipates!
Found a stone staircase leading down.
m - a fuming emerald potion 2 ufetubi come into view.
The ufetubus shouts!
The ufetubus moves out of view.
An ufetubus is nearby!
An ufetubus is nearby!
You start memorising the spell.
You continue memorising.
The ufetubus shouts!
You continue memorising.
The ufetubus hits you.
Your memorisation is interrupted.
The ufetubus barely misses you.
There are monsters nearby!
You conjure some foxfire!
The ufetubus barely misses you.
The ufetubus hits you but does no damage.
The ufetubus hits you.
The ufetubus hits you but does no damage.
The foxfire hits the ufetubus.
The ufetubus is burned terribly!
The ufetubus is severely wounded.
You conjure some foxfire!
The ufetubus closely misses you. The ufetubus hits you.
The foxfire hits the ufetubus.
The ufetubus is burned terribly!
The ufetubus is heavily wounded.
The ufetubus hits you. The ufetubus closely misses you. The ufetubus hits you.
* * * LOW HITPOINT WARNING * * *
The ufetubus closely misses you. The ufetubus hits you.
You die...

## #. #.
#. ####
#. #.. #.
#.# #
#5##.##.#
#5@v....#
####.####
##.....#
##......#
#..>....#
##......#
#......#
#.#.##.#
#.#.##.#


You could see 2 ufetubi.

Vanquished Creatures
  2 adders
  A dart slug (D:2)
  A ribbon worm (D:2)
  4 ball pythons
  7 endoplasms
  2 giant cockroaches
  5 goblins
  A hobgoblin (D:2)
  A quokka (D:1)
  2 bats
  A frilled lizard (D:1)
  A rat (D:3)
28 creatures vanquished.

Vanquished Creatures (others)
  173 foxfires
173 creatures vanquished.

Grand Total: 201 creatures vanquished

Notes
Turn   | Place    | Note
-------+----------+-------------------------------------------
     0 | D:1      | Arctor the Deep Elf Fire Elementalist began the quest for
                  | the Orb.
     0 | D:1      | Reached XP level 1. HP: 10/10 MP: 6/6
   441 | D:1      | Reached XP level 2. HP: 15/15 MP: 4/8
  1257 | D:2      | Reached XP level 3. HP: 19/19 MP: 7/9
  2245 | D:3      | Slain by an ufetubus

Illustrated notes

Levels and vault maps discovered:
D:1:      scummos_arrival_forest, layout_rooms, minmay_tetromino_t2
D:2:      minmay_general_purpose_star, layout_basic
D:3:      layout_loops_cross

Skill      XL: |  1  2  3 |
---------------+----------+-----
Stealth        | 3 |  3.2
Dodging        | 3 |  3.0
Conjurations   | 2 |  2.0
Spellcasting   | |  3.6
Fire Magic     | |  3.7

Action                     || total
---------------------------++-------
  Melee: Unarmed           ||     1
   Cast: Foxfire           ||   100
 Armour: Robe              ||    12
  Dodge: Dodged            ||    11
